 Dungeon Crawl Stone Soup version 0.29-a0-717-g6dac4ea423 (webtiles) character file.

Game seed: 9577170330233729557

206 DuloT34 the Trooper (level 5, 0/46 HPs)
             Began as a Ghoul Gladiator on June 23, 2022.
             Was an Initiate of Wu Jian.
             Slain by an ogre
             ... wielding a +0 giant club
              (18 damage)
             ... on level 5 of the Dungeon on June 27, 2022.
             The game lasted 00:06:17 (5060 turns).

DuloT34 the Trooper (Ghoul Gladiator)               Turns: 5060, Time: 00:06:17

Health: 0/46       AC: 11    Str: 18    XL:     5   Next: 84%
Magic:  4/4        EV:  7    Int:  5    God:    Wu Jian [......]
Gold:   154        SH:  3    Dex: 10    Spells: 4/4 levels left

rFire   + . .      SeeInvis .   a - +0 long sword
rCold   + + .      Faith    +   u - +0 buckler
rNeg    + + +      Spirit   .   f - +0 chain mail
rPois   ∞          Reflect  .   c - +0 helmet
rElec   .          Harm     .   (no cloak)
rCorr   .          Rampage  .   (no gloves)
Will    .....                   l - +0 pair of boots
Stlth   ..........              r - amulet of faith
HPRegen 0.00/turn               k - ring of protection from fire
MPRegen 0.09/turn               q - ring of protection from cold

@: inhibited regen
A: claws 1, cold resistance 1, negative energy resistance 3, inhibited
regeneration, torment resistance 2, devour on kill
a: Renounce Religion


You were on level 5 of the Dungeon.
You worshipped Wu Jian.
Wu Jian was noncommittal.
You visited 1 branch of the dungeon, and saw 5 of its levels.

You collected 154 gold pieces.

Inventory:

Hand Weapons
 a - a +0 long sword (weapon)
Missiles
 d - 3 throwing nets (quivered)
 e - a javelin
Armour
 c - a +0 helmet (worn)
 f - a +0 chain mail (worn)
 l - a +0 pair of boots (worn)
 u - a +0 buckler (worn)
Jewellery
 k - a ring of protection from fire (left claw)
 q - a ring of protection from cold (right claw)
 r - an amulet of faith (around neck)
Scrolls
 h - a scroll of fear
 m - a scroll of enchant armour
 s - a scroll of teleportation
 v - a scroll of magic mapping
Potions
 b - a potion of might
 i - a potion of heal wounds
 j - a potion of berserk rage {unknown}
 n - a potion of attraction {unknown}
 o - 2 potions of curing
 t - a potion of flight {unknown}


   Skills:
 + Level 4.0 Fighting
 + Level 3.9 Long Blades
 - Level 1.7 Throwing
 + Level 2.6 Armour
 - Level 2.6 Dodging
 + Level 0.1 Shields


You had 4 spell levels left.
You didn't know any spells.
Your spell library was empty.

Dungeon Overview and Level Annotations

Branches:
Dungeon (5/15)
 Temple: D:4-7

Altars:
Wu Jian

Annotations:
D:5 Pikel


Innate Abilities, Weirdness & Mutations

You are immune to poison.
You have sharp fingernails.
Your flesh is cold resistant. (rC+)
You are immune to negative energy. (rN+++)
You do not regenerate when monsters are visible.
You are immune to unholy pain and torment.
You thrive by killing the living.


Message History

You slash the lemure!
The lemure is moderately wounded.
The lemure hits you but does no damage. You block the lemure's attack.
You slash the lemure!
The lemure is severely wounded.
The lemure hits you but does no damage.
You completely miss the lemure.
The lemure is severely wounded.
The lemure hits you but does no damage.
You barely miss the lemure.
The lemure is severely wounded.
The lemure hits you but does no damage. The lemure hits you.
You closely miss the lemure.
The lemure is heavily wounded.
The lemure hits you.
You hit the lemure.
The lemure is severely wounded.
The lemure hits you but does no damage.
You slash the lemure!
You kill the lemure!
That felt strangely unrewarding.
You hit the ogre.
The ogre is lightly wounded.
The ogre hits you but does no damage.
You slash the ogre!
The ogre is heavily wounded.
The ogre hits you with a +0 giant club!!
You are too injured to fight recklessly!
Okay, then.
Hit: a) +0 long sword
Press: ? - help, Dir - move target, f - ogre
Aim: an ogre, wielding a +0 giant club (heavily wounded, about 27% to evade your +0 long sword)
Okay, then.
You hit the ogre but do no damage.
The ogre is heavily wounded.
The ogre hits you but does no damage.
You barely miss the ogre.
The ogre is heavily wounded.
The ogre hits you with a +0 giant club!!
You die...

#.#.#.#
#.#.#.#
#.#.#.#
#.#.#.# #.####
#.#.#.# #.....
###########.#
#..###
..........#.#
#..###
#########.#.#
#.....
#.O@....#
..#.###
#.###.### #.#
#.# #.# #.#
#.# #.#
#####.# #.#
#...#.###+####
#.#.#5##.....#
..#
#.#.#.##.....#
#.#


You could see an ogre.

Vanquished Creatures
  2 lemures
  A scorpion (D:3)
  A hound (D:4)
  3 adders
  An ufetubus (D:5)
  2 worms
  A dart slug (D:3)
  9 orcs
  7 ball pythons
  7 endoplasms
  2 giant cockroaches
  7 goblins
  5 hobgoblins
  3 jackals (D:3)
  2 quokkas (D:1)
  5 bats
  A frilled lizard (D:1)
  5 kobolds
  5 rats
69 creatures vanquished.

Notes
Turn   | Place    | Note
-------+----------+-------------------------------------------
     0 | D:1      | DuloT34 the Ghoul Gladiator began the quest for the Orb.
     0 | D:1      | Reached XP level 1. HP: 17/17 MP: 0/0
   563 | D:1      | Reached XP level 2. HP: 22/25 MP: 1/1
  1446 | D:2      | Reached skill level 1 in Armour
  1568 | D:2      | Reached XP level 3. HP: 19/30 MP: 2/2
  2252 | D:3      | Reached skill level 3 in Fighting
  2894 | D:3      | Reached XP level 4. HP: 38/38 MP: 3/3
  2996 | D:3      | Noticed a scorpion
  3015 | D:3      | Killed a scorpion
  3016 | D:3      | Reached XP level 5. HP: 31/45 MP: 4/4
  3494 | D:3      | Found a faded altar of an unknown god.
  3743 | D:4      | Found an ornate altar of the Wu Jian Council.
  3752 | D:4      | Became a worshipper of the Wu Jian Council
  3833 | D:4      | Upgraded the game from 0.29-a0-668-g12ee2bf84d to
                  | 0.29-a0-717-g6dac4ea423
  3924 | D:4      | Reached skill level 4 in Fighting
  4024 | D:5      | Entered Level 5 of the Dungeon
  4490 | D:5      | Noticed Pikel
  4490 | D:5      | Noticed a lemure
  4490 | D:5      | Noticed a lemure
  4490 | D:5      | Noticed a lemure
  4490 | D:5      | Noticed a lemure
  4524 | D:4      | Killed a lemure
  5028 | D:5      | Noticed an ogre
  5056 | D:5      | Killed a lemure
  5060 | D:5      | Slain by an ogre

Illustrated notes

Levels and vault maps discovered:
D:1:      scummos_arrival_forest, layout_basic
D:2:      layout_basic
D:3:      layout_basic, ebering_ecumenical_altar_rust
D:4:      layout_rooms, nzn_wu_jian_contemplation
D:5:      minmay_diamond_boxcup, layout_basic, uniq_pikel

Skill      XL: |  1  2  3  4  5 |
---------------+----------------+-----
Long Blades    | 3 |  3.9
Armour         | 1 2 |  2.6
Fighting       | 3 4 |  4.0
Throwing       | |  1.7
Dodging        | |  2.6
Shields        | |  0.1

Action                   |  1- 3 |  4- 6 || total
-------------------------+-------+-------++-------
Melee: Long sword        |   107 |   181 ||   288
       Punch             |       |     1 ||     1
Invok: Lunge             |       |     2 ||     2
  Use: Scroll            |     3 |     5 ||     8
Armor: Ring mail         |    10 |       ||    10
       Leather armour    |     5 |       ||     5
       Chain mail        |    48 |   130 ||   178
Dodge: Dodged            |    75 |    94 ||   169
Block: Buckler           |       |    16 ||    16

Table legend: (Time is in decaauts)
 A = Elapsed time spent in this place.
 B = Non-inter-level travel time spent in this place.
 C = Inter-level travel time spent in this place.
 D = Time resting spent in this place.
 E = Time spent auto-exploring this place.
 F = Levels seen in this place.
 G = Mean time per level.
                   A        B        C        D        E       F      G
               +--------+--------+--------+--------+--------+-----+--------+
         Total |   5128 |   4808 |    320 |   1812 |   2279 |   5 | 1025.6 |
       Dungeon |   5128 |   4808 |    320 |   1812 |   2279 |   5 | 1025.6 |
               +--------+--------+--------+--------+--------+-----+--------+

Top non-repeatable levels by time:
     D:3: 1361 daAuts
     D:2: 1218 daAuts
     D:4: 1091 daAuts
     D:1: 996 daAuts
     D:5: 461 daAuts
